 Dungeon Crawl Stone Soup version 0.17.1-1-g73c8601 (webtiles) character file.

146 zornare the Scratcher (level 5, 0/23 HPs)
             Began as a Felid Transmuter on Dec 30, 2015.
             Slain by zhaorenw's ghost (5 damage)
             ... on level 4 of the Dungeon.
             The game lasted 00:16:51 (3254 turns).

zornare the Scratcher (Felid Transmuter)            Turns: 3254, Time: 00:16:51

Health: 0/23       AC:  3    Str:  7    XL:     5   Next: 7%
Magic:  10/10      EV: 19    Int: 15    God:
Gold:   254        SH:  0    Dex: 16    Spells: 2 memorised, 4 levels left
                                        Lives:  0   Deaths: 1

rFire  . . .     SeeInvis +       - Unarmed
rCold  . . .     Clarity  .     (armour unavailable)
rNeg   . . .     SustAt   .     (shield unavailable)
rPois  .         Gourm    .     (helmet unavailable)
rElec  .         Spirit   .     (cloak unavailable)
rCorr  .         Warding  .     (gloves unavailable)
rMut   .         Stasis   .     (boots unavailable)
MR     .....                    (no amulet)
Stlth  ++........               (no ring)
                                d - +2 ring of protection

@: appendage, quick, not resistant to hostile enchantments, unstealthy
A: no armour, no weapons or thrown items, claws 1, fangs 3, horns 2, see
invisible, carnivore 3, speed 1, shaggy fur 1, slow metabolism 1, sharp paws
a: End Transformation


You were on level 4 of the Dungeon.
You were not hungry.
You had grown temporary horns.
You visited 1 branch of the dungeon, and saw 4 of its levels.

You collected 254 gold pieces.

Inventory:

Missiles
 a - 71 arrows
Jewellery
 d - a +2 ring of protection (left paw)
Scrolls
 h - 3 scrolls of fear
 k - 2 scrolls of remove curse
 l - 2 scrolls of teleportation
Potions
 e - a potion of flight
 i - a potion of curing
 m - a potion of might {unknown}
 n - a potion of resistance {unknown}
 p - a potion of haste {unknown}
 q - a potion of agility
Books
 b - a book of Changes

   Spells                             Type                      Level
   a - Beastly Appendage              Transmutation                1
   b - Sticks to Snakes               Transmutation                2
   c - Spider Form                    Transmutation/Poison         3
   d - Ice Form                       Ice/Transmutation            4
   e - Blade Hands                    Transmutation                5
 g - a book of Battle

   Spells                             Type                      Level
   a - Infusion                       Charms                       1
   b - Shroud of Golubria             Charms/Translocation         2
   c - Song of Slaying                Charms                       2
   d - Spectral Weapon                Hexes/Charms                 3
   e - Regeneration                   Charms/Necromancy            3
Comestibles
 c - a meat ration
 f - a royal jelly
 j - 3 beef jerkies


   Skills:
 + Level 2.6 Fighting
 + Level 4.2 Dodging
 * Level 4.6 Unarmed Combat
 + Level 2.9 Spellcasting
 + Level 3.2 Transmutations


You had 4 spell levels left.
You knew the following spells:

 Your Spells              Type           Power        Failure   Level  Hunger
a - Beastly Appendage     Trmt           ##....       8%          1    #......
b - Ice Form              Ice/Trmt       #.......     93%         4    #####..


Dungeon Overview and Level Annotations

Branches:
Dungeon (4/15)
 Temple: D:4-7

Altars:
Ru

Annotations:
D:4 zhaorenw's ghost, amateur OgFE


Innate Abilities, Weirdness & Mutations

You cannot wear armour.
You are incapable of wielding weapons or throwing items.
You have sharp claws.
You have razor-sharp teeth.
You have supernaturally acute eyesight.
You are carnivorous and can eat meat at any time.
You cover ground quickly.
You are covered in fur (AC +1).
You have a slow metabolism.
Your sharp claws are effective at attacking unaware monsters.
You have a pair of horns on your head.


Message History

Zhaorenw's ghost is heavily damaged.
Zhaorenw's ghost barely misses you.
You claw zhaorenw's ghost! Your headbutt misses zhaorenw's ghost.
Zhaorenw's ghost is severely damaged.
Zhaorenw's ghost barely misses you.
You scratch zhaorenw's ghost.
Zhaorenw's ghost is severely damaged.
Zhaorenw's ghost hits you but does no damage.
You scratch zhaorenw's ghost. Your headbutt misses zhaorenw's ghost.
Zhaorenw's ghost is almost destroyed.
Zhaorenw's ghost hits you.
* * * LOW HITPOINT WARNING * * *
You are too injured to fight recklessly!
You are too injured to fight recklessly!
You barely miss zhaorenw's ghost.
Zhaorenw's ghost is almost destroyed.
You scratch zhaorenw's ghost.
Zhaorenw's ghost is almost destroyed.
Zhaorenw's ghost hits you.
You die...

#....#....'.....# #.#
#....#....#####.########.#
'....'.>........(.......>#
#....##########....#######
#....# ####.######
#....### ####......#
#......# #.....###.#
#......# #.###.#<..#
.......# #.@.#.########
.......# #####W#........#
....#### #.....########.#
....# #.#####....###.#
....## #...# #.##.....#
.....# ######.# #.########
.....# #......# #.....#
#....#####......#######.#
#...................# #.#


You could see zhaorenw's ghost.

Vanquished Creatures
  A phantom (D:4)
  An orc wizard (D:3)
  A worker ant (D:4)
  5 adders
  10 orcs (D:3)
  A ball python (D:1)
  9 bats
  5 giant cockroaches
  10 goblins
  10 hobgoblins
  6 jackals (D:3)
  2 quokkas
  A giant newt (D:1)
  8 kobolds
  8 rats
  A plant (D:1)
79 creatures vanquished.

Notes
Turn   | Place    | Note
--------------------------------------------------------------
     0 | D:1      | zornare the Felid Transmuter began the quest for the Orb.
     0 | D:1      | Reached XP level 1. HP: 9/9 MP: 4/4
   498 | D:1      | Reached XP level 2. HP: 12/12 MP: 4/6
   848 | D:2      | Reached XP level 3. HP: 11/15 MP: 5/7
   867 | D:2      | Found a sacrificial altar of Ru.
  1698 | D:2      | Reached XP level 4. HP: 19/19 MP: 6/8
  1888 | D:2      | Learned a level 4 spell: Ice Form
  2026 | D:3      | Reached skill level 4 in Unarmed Combat
  2367 | D:3      | Reached XP level 5. HP: 22/22 MP: 7/9
  2755 | D:4      | Noticed a phantom
  2782 | D:4      | Killed a phantom
  2994 | D:4      | Noticed zhaorenw's ghost (amateur OgFE)
  3009 | D:4      | HP: 1/23 [zhaorenw's ghost (2)]
  3010 | D:4      | Killed from afar by zhaorenw's ghost
  3011 | D:4      | Reached XP level 4. HP: -15/20 MP: 9/9
  3030 | D:4      | Reached XP level 5. HP: 18/23 MP: 7/10
  3254 | D:4      | Slain by zhaorenw's ghost

Action                   |  1- 3 |  4- 6 || total
-------------------------+-------+-------++-------
Melee: Unarmed           |   164 |   129 ||   293
 Cast: Beastly Appendage |    26 |    19 ||    45
  Use: Scroll            |       |    12 ||    12
       Potion            |       |     2 ||     2
 Stab: Sleeping          |     6 |     1 ||     7
  Eat: Chunk             |    10 |     2 ||    12
